Map: Torres Crepusculares

Players

eduba

  • Race: Terran Terran
  • League: Master

Master - Winner!

  • Race: Protoss Protoss
  • League: Grandmaster

VOD

Have the link to the VOD?

Description

Time

  • Played on: March 19, 2016, 7:34 p.m.
  • Length: 11:31
Show
View Real Time Build Order
Export as new Build Order

eduba Terran 

Build Orders: Reaper Expand, MMM Bio 

Get SALT Encoding   

  12  0:01  SCV  
  13  0:13  SCV  
  14  0:18  Supply Depot  
  14  0:25  SCV  
  15  0:39  SCV  
  15  0:41  Barracks  
  16  0:44  Refinery  
  16  0:51  SCV  
  17  1:03  SCV  
  18  1:15  SCV  
  19  1:28  Reaper, Orbital Command  
  20  1:42  Command Center  
  20  1:51  Supply Depot  
  20  1:53  SCV  
  21  1:59  Marine  
  22  2:04  Factory  
  22  2:06  SCV  
  23  2:11  Refinery  
  23  2:29  SCV  
  24  2:32  Barracks Reactor  
  24  2:41  SCV  
  25  2:53  SCV  
  25  2:54  Factory Tech Lab  
  26  3:01  Command Center  
  26  3:05  SCV  
  26  3:08  Barracks  
  26  3:11  Orbital Command  
  29  3:20  Cyclone  
  29  3:22  SCV  
  29  3:24  Marine  
  29  3:26  Marine  
  32  3:34  SCV  
  32  3:39  SCV, Barracks  
  34  3:44  Marine x2  
  36  3:48  SCV  
  36  3:51  SCV  
  38  3:58  Factory Tech Lab  
  38  4:00  SCV  
  39  4:03  Engineering Bay x2  
  39  4:05  SCV  
  39  4:08  Marine  
  41  4:11  Stimpack  
  41  4:14  Marine  
  41  4:15  Marine  
  43  4:21  Orbital Command  
  43  4:22  SCV  
  44  4:24  SCV  
  44  4:26  Marine  
  46  4:34  Marine, Starport  
  46  4:36  Marine  
  46  4:38  SCV, Factory Reactor  
  49  4:40  SCV  
  50  4:45  Terran Infantry Weapons Level 1  
  50  4:46  Terran Infantry Armor Level 1  
  50  4:47  Marine  
  50  4:50  SCV  
  50  4:51  SCV  
  50  4:52  Marine  
  54  4:56  Supply Depot  
  54  4:57  Combat Shields  
  54  4:59  Marine  
  55  5:00  Marine  
  55  5:02  SCV  
  55  5:05  Refinery  
  57  5:07  Refinery  
  57  5:08  SCV  
  57  5:10  Marine x2  
  60  5:17  Marine  
  60  5:18  Marine, SCV x2  
  60  5:20  Supply Depot  
  64  5:22  SCV  
  64  5:26  Medivac  
  64  5:27  Medivac  
  69  5:41  Marine x2  
  69  5:42  Marauder x2, SCV x2  
  77  5:49  Supply Depot  
  77  5:52  Supply Depot  
  77  5:58  SCV  
  77  5:59  Medivac, Marine x2, SCV x2  
  77  6:03  Marauder, Marine  
  84  6:04  Missile Turret  
  84  6:07  Missile Turret  
  73  6:26  Marine x3  
  76  6:33  Marine  
  77  6:44  Marine x2, Orbital Command  
  77  6:45  Marauder  
  81  6:47  Medivac  
  81  6:48  Medivac  
  81  6:51  Marauder  
  87  6:57  SCV  
  88  7:01  Marine, Barracks  
  88  7:02  Marine  
  88  7:03  Barracks  
  88  7:06  Marauder, Armory  
  92  7:13  Marauder  
  94  7:19  Marine x2  
  96  7:28  SCV  
  96  7:29  Supply Depot, SCV x2  
  99  7:30  Marine  
  99  7:34  Supply Depot, Marine  
  100  7:40  Marine  
  100  7:43  Marine  
  101  7:47  SCV  
  101  7:50  Marauder, SCV  
  104  7:52  Marauder, Marine x2  
  104  7:54  SCV  
  98  8:10  Marine x2  
  98  8:12  Marauder  
  97  8:13  Marine x2  
  97  8:14  Marauder  
  92  8:28  Marine x2  
  92  8:33  Marauder  
  95  8:34  Barracks Tech Lab, Barracks Reactor  
  95  8:35  SCV x2  
  95  8:38  Terran Infantry Weapons Level 2  
  95  8:40  Terran Infantry Armor Level 2  
  94  8:48  Marine x3  
  88  8:50  SCV  
  88  8:54  SCV x2  
  88  8:55  Marine  
  87  9:02  SCV  
  86  9:06  Marauder, Marine x2  
  86  9:07  Marauder  
  92  9:13  Marine  
  92  9:24  Marine x4  
  84  9:28  Marauder  
  64  9:39  Marine x2  
  64  9:41  Marine  
  64  9:43  Marine x3  
  59  9:49  Marine  
  60  9:57  Marauder, Marine, SCV x3  
  60  9:59  Marine  
  66  10:01  Marine x3  
  70  10:07  Marauder  
  70  10:09  SCV x2  
  72  10:14  Marine  
  72  10:17  Supply Depot, Marine  
  72  10:18  Marine  
  72  10:19  Marine x3  
  78  10:28  Marauder  
  78  10:32  Marine  
  78  10:35  Marine  
  76  10:36  Marine  
  76  10:37  Marauder, Marine x2  
  76  10:40  SCV  
  76  10:42  SCV x2  
  81  10:49  Marine  
  82  10:51  Marauder, Barracks  
  82  10:52  SCV  
  82  10:53  Marine  
  82  10:54  Marine x3, Barracks  
  92  10:58  Marauder, SCV  
  89  11:07  Marine  
  89  11:10  Marine  
  74  11:11  Marine  
Show
View Real Time Build Order
Export as new Build Order

Master Protoss - Winner!

Build Orders: 1 Gate Expand 

Get SALT Encoding   

  12  0:01  Probe (Chrono Boost)  
  13  0:11  Probe (Chrono Boost)  
  14  0:18  Pylon  
  14  0:22  Probe (Chrono Boost)  
  15  0:37  Probe (Chrono Boost), Gateway  
  16  0:47  Probe (Chrono Boost)  
  16  0:48  Assimilator  
  17  0:58  Probe (Chrono Boost)  
  18  1:08  Probe (Chrono Boost)  
  19  1:18  Nexus  
  19  1:23  Probe (Chrono Boost)  
  20  1:31  Cybernetics Core  
  20  1:34  Probe (Chrono Boost)  
  21  1:41  Assimilator  
  21  1:45  Probe (Chrono Boost)  
  22  1:50  Pylon  
  22  1:55  Probe (Chrono Boost)  
  25  2:09  Mothership Core (Chrono Boost)  
  25  2:10  Stalker (Chrono Boost)  
  27  2:20  Warp Gate  
  27  2:27  Probe (Chrono Boost)  
  27  2:29  Probe (Chrono Boost)  
  28  2:39  Probe (Chrono Boost), Stalker  
  28  2:41  Probe (Chrono Boost)  
  32  2:49  Probe (Chrono Boost)  
  33  2:51  Probe (Chrono Boost)  
  34  3:00  Probe (Chrono Boost)  
  34  3:02  Probe (Chrono Boost)  
  36  3:06  Robotics Facility  
  36  3:09  Stalker  
  36  3:11  Probe (Chrono Boost)  
  40  3:12  Probe (Chrono Boost)  
  40  3:16  Pylon  
  40  3:21  Probe (Chrono Boost)  
  40  3:23  Probe (Chrono Boost)  
  42  3:28  Robotics Facility  
  42  3:32  Probe (Chrono Boost)  
  42  3:33  Probe (Chrono Boost)  
  44  3:35  Twilight Council  
  44  3:42  Probe (Chrono Boost)  
  44  3:43  Stalker  
  44  3:44  Probe (Chrono Boost)  
  48  3:53  Probe (Chrono Boost)  
  48  3:54  Gateway  
  48  3:55  Probe (Chrono Boost)  
  50  4:03  Probe (Chrono Boost)  
  50  4:05  Probe (Chrono Boost)  
  50  4:08  Pylon  
  52  4:11  Dark Shrine  
  52  4:14  Probe (Chrono Boost)  
  52  4:15  Observer  
  54  4:24  Nexus  
  54  4:25  Assimilator  
  54  4:27  Probe (Chrono Boost)  
  54  4:28  Assimilator  
  56  4:31  Probe (Chrono Boost)  
  56  4:37  Probe (Chrono Boost), Pylon  
  57  4:39  Stalker  
  57  4:41  Probe (Chrono Boost)  
  57  4:42  Warp Prism (Chrono Boost)  
  57  4:45  Blink (Chrono Boost)  
  62  4:56  Stalker  
  65  5:04  Gateway  
  65  5:05  Gateway  
  64  5:08  Gateway  
  64  5:14  Gateway  
  64  5:22  Robotics Bay  
  64  5:26  Pylon  
  64  5:31  Probe (Chrono Boost)  
  64  5:33  Probe (Chrono Boost)  
  66  5:37  Probe (Chrono Boost)  
  66  5:40  Dark Templar x2  
  66  5:42  Probe (Chrono Boost)  
  72  5:45  Probe (Chrono Boost)  
  72  5:47  Probe (Chrono Boost)  
  74  5:52  Gateway  
  74  5:53  Probe (Chrono Boost)  
  76  5:57  Probe (Chrono Boost)  
  76  5:58  Probe (Chrono Boost)  
  76  6:03  Probe (Chrono Boost)  
  78  6:08  Probe (Chrono Boost)  
  78  6:09  Probe (Chrono Boost)  
  80  6:16  Adept x3  
  80  6:17  Probe x2 (Chrono Boost), Colossus (Chrono Boost)  
  91  6:20  Probe  
  91  6:25  Pylon  
  91  6:26  Pylon  
  91  6:28  Probe  
  91  6:29  Probe  
  93  6:33  Assimilator  
  93  6:36  Assimilator  
  93  6:41  Probe  
  93  6:43  Probe x2  
  93  6:44  Stalker x2  
  93  6:45  Stalker x2  
  104  6:49  Forge  
  104  6:52  Probe  
  104  6:53  Pylon  
  105  6:55  Probe x2, Extended Thermal Lance (Chrono Boost)  
  105  6:58  Pylon  
  107  7:09  Resonating Glaives (Chrono Boost)  
  107  7:11  Colossus  
  113  7:16  Pylon  
  113  7:17  Adept, Pylon  
  113  7:18  Adept  
  117  7:24  Pylon  
  117  7:25  Pylon  
  117  7:27  Adept  
  119  7:39  Dark Templar  
  119  7:41  Stalker x4  
  129  7:44  Probe x2  
  129  7:58  Dark Templar x2  
  133  8:09  Dark Templar x2  
  106  8:29  Probe  
  106  8:30  Probe, Nexus  
  108  8:39  Probe  
  108  8:40  Adept x2, Dark Templar x2  
  114  8:42  Probe, Adept x2  
  112  8:50  Probe  
  112  8:55  Probe  
  108  8:58  Nexus  
  108  9:00  Warp Prism (Chrono Boost)  
  108  9:01  Probe, Archon  
  109  9:07  Probe, Pylon  
  108  9:11  Probe  
  109  9:17  Adept x2  
  91  9:39  Probe  
  91  9:40  Probe  
  91  9:41  Stalker x5  
  91  9:54  Probe  
  91  9:55  Colossus (Chrono Boost), Probe x2  
  100  10:06  Probe x3  
  97  10:12  Adept x3  
  97  10:13  Adept x4  
  113  10:16  Probe  
  113  10:17  Probe  
  113  10:18  Probe  
  114  10:27  Probe x2  
  114  10:30  Probe  
  115  10:40  Probe x2  
  115  10:42  Probe  
  118  10:43  Colossus (Chrono Boost)  
  118  10:46  Adept x3  
  118  10:47  Adept x4  
  138  10:51  Probe  
  138  10:54  Probe  
  138  10:55  Probe  
  135  11:09  Adept x6  
  135  11:10  Adept  
  137  11:24  Pylon  
Tags
 
Add a new tag
Caveats
  • Supply blocks, unpowered buildings, or Contaminate may cause inaccurate times.
  • Supply counts are checked every 10 seconds.